Map: Lost and Found LE

Players

CaiShen - Winner!

  • Race: Zerg Zerg
  • League: Diamond
  • Spawn Location: 7:00

DoMino

  • Race: Terran Terran
  • League: Diamond
  • Spawn Location: 1:00

VOD

Have the link to the VOD?

Description

Neuro Analysis 17/11/18

Time

  • Played on: Nov. 15, 2018, 12:28 p.m.
  • Length: 11:45
Show
View Real Time Build Order
Export as new Build Order

CaiShen Zerg - Winner!

Build Orders: Hatch First 

Get SALT Encoding   

  12  0:01  Drone  
  13  0:13  Overlord  
  13  0:20  Drone  
  14  0:33  Drone x2  
  14  0:35  Drone  
  17  0:51  Hatchery  
  17  0:55  Drone  
  17  0:58  Drone  
  18  1:10  Extractor  
  17  1:12  Spawning Pool  
  17  1:15  Drone  
  17  1:18  Drone  
  18  1:28  Drone  
  19  1:39  Overlord  
  19  2:00  Zergling x2  
  19  2:01  Queen  
  20  2:03  Queen  
  20  2:04  Zergling x4  
  26  2:12  Metabolic Boost  
  26  2:13  Drone  
  28  2:15  Drone  
  28  2:26  Drone x2  
  30  2:49  Drone x3  
  30  2:51  Hatchery, Overlord  
  32  2:55  Zergling x2  
  32  2:57  Drone  
  34  3:00  Queen  
  36  3:10  Drone x4  
  44  3:20  Drone x4  
  44  3:21  Overlord  
  44  3:39  Roach Warren  
  42  3:42  Extractor  
  42  3:43  Drone  
  42  3:44  Extractor, Drone x2  
  42  3:45  Drone x3  
  42  3:46  Overlord  
  46  3:51  Drone  
  46  3:52  Drone x2  
  46  3:54  Overlord  
  49  4:19  Roach x7  
  63  4:27  Drone  
  63  4:28  Drone x2  
  63  4:30  Spore Crawler  
  65  4:32  Spore Crawler  
  65  4:33  Drone x2  
  65  4:35  Spore Crawler  
  65  4:36  Roach x4  
  73  4:47  Evolution Chamber  
  73  4:49  Drone  
  73  4:50  Evolution Chamber  
  72  5:02  Lair, Extractor  
  72  5:04  Overlord x3  
  72  5:06  Drone x2  
  73  5:18  Zerg Missile Weapons Level 1  
  73  5:23  Drone x3  
  76  5:40  Pneumatized Carapace  
  80  5:42  Drone x4  
  80  5:43  Drone  
  80  5:44  Zergling x20  
  80  5:47  Zerg Melee Weapons Level 1  
  91  5:53  Drone x5  
  91  5:54  Extractor  
  95  5:58  Overlord x2  
  95  5:59  Glial Reconstitution  
  95  6:04  Drone x2  
  97  6:13  Hydralisk Den, Overseer  
  97  6:14  Overseer  
  97  6:18  Zergling x6  
  99  6:24  Drone  
  99  6:25  Drone  
  101  6:27  Extractor  
  101  6:28  Drone x3  
  101  6:29  Hatchery  
  102  6:45  Muscular Augments  
  102  6:48  Overlord x5  
  102  6:49  Overlord  
  102  6:53  Drone x2  
  104  7:02  Queen  
  104  7:06  Ravager x3  
  104  7:07  Ravager x3  
  112  7:11  Drone x4  
  116  7:18  Zerg Missile Weapons Level 2  
  109  7:26  Extractor  
  109  7:28  Drone x3  
  97  7:31  Extractor  
  97  7:35  Drone x9  
  104  7:47  Hydralisk x6  
  104  7:48  Hydralisk  
  118  7:53  Drone x2  
  118  7:54  Drone  
  118  7:57  Grooved Spines  
  121  8:03  Hydralisk  
  121  8:04  Hydralisk x3  
  129  8:26  Hydralisk x6  
  139  8:41  Hydralisk x4  
  136  8:43  Zergling x4  
  136  8:44  Zergling x10  
  151  8:54  Overlord x3  
  148  9:06  Roach  
  150  9:12  Overlord x3, Zergling x2  
  121  9:32  Hydralisk x17  
  145  9:45  Hydralisk x6  
  129  9:47  Overseer x2  
  137  9:53  Drone x4  
  128  10:11  Roach x6  
  138  10:18  Roach x4  
  146  10:28  Infestation Pit  
  146  10:32  Roach x10  
  165  10:38  Hatchery  
  165  10:40  Roach x5  
  174  10:47  Overseer  
  174  10:53  Zergling x14  
  174  10:54  Zergling x8  
  156  11:12  Zergling x16  
Show
View Real Time Build Order
Export as new Build Order

DoMino Terran 

Build Orders: Gas First Reaper Expand, Reaper Expand, Hellion Banshee 

Get SALT Encoding   

  12  0:00  SCV  
  13  0:13  SCV  
  14  0:17  Supply Depot  
  14  0:25  SCV  
  15  0:30  Refinery  
  15  0:38  SCV  
  16  0:45  Barracks  
  16  0:50  SCV  
  17  1:03  SCV  
  18  1:15  SCV  
  19  1:31  Orbital Command  
  19  1:32  Reaper  
  20  1:43  Command Center  
  20  1:53  Factory  
  20  1:57  SCV  
  21  2:07  Barracks Reactor  
  21  2:09  SCV  
  21  2:12  Refinery  
  21  2:15  Supply Depot  
  22  2:21  SCV  
  23  2:36  SCV  
  24  2:42  Starport  
  24  2:49  SCV  
  24  2:55  Hellion x2  
  28  2:58  Orbital Command  
  28  3:01  SCV  
  28  3:04  Barracks Tech Lab  
  29  3:13  SCV  
  29  3:19  Hellion x2  
  34  3:24  SCV  
  34  3:25  SCV  
  36  3:37  Banshee  
  36  3:40  SCV  
  40  3:43  SCV  
  41  3:48  Command Center  
  41  3:52  SCV  
  44  3:55  Hellion  
  44  3:57  Hellion  
  46  4:06  Supply Depot  
  46  4:11  SCV  
  46  4:12  Barracks Reactor, SCV  
  48  4:19  Hellion x2  
  48  4:23  SCV  
  53  4:32  Starport Reactor  
  53  4:33  SCV  
  53  4:35  Barracks x2, SCV  
  53  4:37  Stimpack  
  55  4:38  Marine  
  55  4:43  Supply Depot  
  56  4:45  SCV  
  57  4:53  SCV  
  57  4:58  Refinery  
  57  4:59  Refinery  
  58  5:00  SCV  
  58  5:02  Engineering Bay  
  58  5:05  Engineering Bay  
  59  5:09  Orbital Command  
  59  5:11  SCV  
  59  5:13  SCV  
  61  5:17  Supply Depot  
  61  5:28  Factory Tech Lab  
  61  5:31  SCV x2  
  61  5:32  Orbital Command  
  63  5:41  Marine  
  63  5:42  Marine x4  
  68  5:43  SCV  
  68  5:44  Starport Reactor  
  68  5:45  SCV  
  70  5:50  Supply Depot  
  70  5:52  Terran Infantry Weapons Level 1, Terran Infantry Armor Level 1  
  70  5:59  Marine x2  
  70  6:00  Marine, Barracks  
  70  6:03  Barracks  
  70  6:04  SCV  
  74  6:06  SCV  
  74  6:09  Marine x2  
  77  6:13  Siege Tank  
  77  6:14  SCV  
  81  6:19  Marine x2  
  81  6:21  Medivac  
  81  6:22  Medivac  
  81  6:23  SCV  
  81  6:24  SCV  
  89  6:28  SCV  
  89  6:31  Supply Depot  
  90  6:34  Marine x3  
  90  6:35  SCV  
  90  6:37  Marine  
  90  6:39  SCV  
  96  6:40  SCV  
  96  6:45  Supply Depot  
  96  6:47  Supply Depot x2  
  97  6:48  Siege Tank  
  97  6:49  Barracks Reactor  
  97  6:51  Barracks Reactor  
  97  6:54  Medivac x2  
  105  7:01  SCV x2  
  105  7:04  Marine x2, Refinery  
  105  7:05  Marine, Refinery  
  105  7:06  Marine, Combat Shield  
  110  7:10  Armory  
  110  7:11  SCV  
  101  7:34  SCV x2  
  101  7:35  Liberator  
  97  7:40  Command Center, Marine  
  97  7:41  Marine x5  
  97  7:42  Supply Depot  
  97  7:44  Supply Depot  
  103  7:46  Barracks  
  103  7:48  Marine x2, SCV x2  
  103  7:49  Marine, Barracks, Siege Tank  
  114  7:59  Barracks  
  114  8:06  Marine x5  
  114  8:07  Marine x4  
  114  8:12  Terran Infantry Weapons Level 2  
  123  8:16  Terran Infantry Armor Level 2  
  123  8:28  Marine x4  
  123  8:29  Marine x5  
  132  8:39  Factory  
  119  8:46  Marine x4  
  119  8:47  Barracks Tech Lab x2  
  122  8:55  Marine x3  
  122  8:56  Marine x2, Marauder  
  122  8:57  Liberator  
  122  8:58  Liberator  
  128  9:03  Marine  
  128  9:04  Marine  
  128  9:06  Marine x3  
  128  9:07  Marauder  
  135  9:13  Marine  
  142  9:17  Marauder  
  137  9:24  Marauder  
  137  9:28  Marine x3  
  137  9:29  Marine x2, Marauder  
  120  9:36  Marine x4  
  110  9:39  Marauder  
  96  9:46  Marine x2, Marauder  
  96  9:47  Marine  
  96  9:50  Marauder  
  87  10:00  Marauder  
  85  10:07  Marauder  
  85  10:11  Command Center, Medivac  
  85  10:12  Medivac, Marauder  
  93  10:15  Marine x2  
  93  10:16  Marine x2  
  93  10:18  Barracks Tech Lab  
  97  10:22  Marauder  
  99  10:29  Marine, Marauder  
  99  10:34  Factory Tech Lab  
  102  10:47  Supply Depot  
  102  10:49  Supply Depot  
  102  10:53  Marine x2, SCV x2  
  102  10:54  Marauder x2  
  110  11:04  Siege Tank  
  110  11:06  Medivac, SCV x2  
  110  11:08  Medivac  
  110  11:09  Marauder, Siege Tank  
  111  11:13  Marine x2  
  111  11:14  Marine, Marauder  
  97  11:23  Marine x2  
  97  11:24  Marauder  
Tags
 
Add a new tag
Caveats
  • Supply blocks, unpowered buildings, or Contaminate may cause inaccurate times.
  • Supply counts are checked every 10 seconds.